 Dungeon Crawl Stone Soup version 0.25-a0-843-g6944ee31a2 (webtiles) character file.

Game seed: 2220236734906040968, levelgen mode: deterministic

1797219 Flugkiller the Slayer (level 27, 187/314 HPs)
             Began as a Barachi Venom Mage on Apr 25, 2020.
             Was a Follower of Uskayaw.
             Escaped with the Orb
             ... and 3 runes on Apr 26, 2020!
             The game lasted 03:01:03 (63064 turns).

Flugkiller the Slayer (Barachi Venom Mage)         Turns: 63064, Time: 03:01:03

Health: 187/314    AC: 36    Str: 17    XL:     27
Magic:  51/51      EV: 33    Int: 21    God:    Uskayaw [*.....]
Gold:   2561       SH: 24    Dex: 20    Spells: 11/50 levels left

rFire    + + .     SeeInvis +   V - +9 broad axe (vorpal)
rCold    + + .     Gourm    .   J - +5 kite shield
rNeg     + . .     Faith    .   (armour currently unavailable)
rPois    ∞         Spirit   .   d - +1 hat of Ru's Reproof {rC+++ MR+ Regen+ Int-4}
rElec    +         Reflect  +   F - +3 cloak "Wizurghe" {Int+4}
rCorr    .         Harm     .   (gloves currently unavailable)
MR       ++++.                  (boots currently unavailable)
Stlth    +.........             H - amulet of Nadgh {Reflect rPois rF+ MR+ SH+5}
HPRegen  1.02/turn              a - ring of Baph {rElec rC- MP+9 Str+7}
MPRegen  0.32/turn              I - ring of Lugonu's Favour {rElec rPois rF+ Dex+2 SInv}

@: statue-form, very slow
A: +LOS, swims, camouflage 1, high mp 1, poison resistance, screaming 1, weak 1,
wild magic 1, strong legs 2
0: Orb of Zot
}: 3/15 runes: barnacled, silver, gossamer
a: Hop, End Transformation, Stomp, Renounce Religion


You escaped.
You worshipped Uskayaw.
Uskayaw was most pleased with you.
You were full.
You were a stone statue.
You visited 10 branches of the dungeon, and saw 50 of its levels.
You visited the Abyss 1 time.
You also visited: Trove, Ossuary, Gauntlet and Desolation.

You collected 11957 gold pieces.
You spent 9396 gold pieces at shops.

Inventory:

Hand Weapons
 V - a +9 vorpal broad axe (weapon)
   (You took it off Donald on level 3 of the Spider Nest)
Missiles
 R - 6 throwing nets (quivered)
Armour
 b - the +4 pair of gloves "Hiosagon" (melded) {rPois Str+5}
   (You found it in a treasure trove)

   It affects your strength (+5).
   It protects you from poison.
 d - the +1 hat of Ru's Reproof (worn) {rC+++ MR+ Regen+ Int-4}
   (You found it in a treasure trove)

   It affects your intelligence (-4).
   It renders you almost immune to cold.
   It affects your resistance to hostile enchantments.
   It increases your rate of regeneration.
 l - a +2 robe of the Archmagi (melded)
   (You took it off Mara on level 3 of the Spider Nest)
 t - a +2 cloak of invisibility
   (You found it in a Gauntlet)
 x - a scarf of resistance
   (You acquired it on level 1 of the Shoals)
 F - the +3 cloak "Wizurghe" (worn) {Int+4}
   (You bought it in a shop on level 9 of the Dungeon)

   It affects your intelligence (+4).
 J - a +5 kite shield (worn)
   (You found it on level 4 of the Shoals)
 Z - a +2 pair of boots of stealth (melded)
   (You found it on level 4 of the Realm of Zot)
Jewellery
 a - the ring of Baph (left hand) {rElec rC- MP+9 Str+7}
   (You bought it in a shop on level 4 of the Depths)

   [ring of magical power]

   It affects your strength (+7).
   It makes you vulnerable to cold.
   It insulates you from electricity.
   It affects your magic capacity (+9).
 f - the ring "Wedotsu" {rElec rF- rC++ Dex+3 Stlth+}
   (You found it in a treasure trove)

   [ring of dexterity]

   It affects your dexterity (+3).
   It makes you vulnerable to fire.
   It greatly protects you from cold.
   It insulates you from electricity.
   It makes you more stealthy.
 j - an uncursed ring of protection from fire
   (You found it on level 2 of the Depths)
 z - an uncursed ring of protection from magic
   (You found it on level 6 of the Dungeon)
 H - the amulet of Nadgh (around neck) {Reflect rPois rF+ MR+ SH+5}
   (You bought it in a shop on level 4 of the Depths)

   [amulet of reflection]

   It shields you and reflects attacks.
   It protects you from fire.
   It protects you from poison.
   It affects your resistance to hostile enchantments.
   It affects your SH (+5).
 I - the ring of Lugonu's Favour (right hand) {rElec rPois rF+ Dex+2 SInv}
   (You acquired it on level 2 of the Shoals)

   [ring of see invisible]

   It affects your dexterity (+2).
   It protects you from fire.
   It insulates you from electricity.
   It protects you from poison.
   It lets you see invisible.
 L - the amulet of Uskayaw's Whim {Faith rF+ Dex+4}
   (You found it on level 2 of the Depths)

   [amulet of faith]

   It allows you to gain divine favour quickly.
   It affects your dexterity (+4).
   It protects you from fire.
Wands
 i - a wand of digging (11)
   (You found it on level 5 of the Lair of Beasts)
 k - a wand of iceblast (30)
   (You found it on level 5 of the Dungeon)
 m - a wand of scattershot (9)
   (You found it on level 2 of the Lair of Beasts)
 C - a wand of disintegration (21)
   (You found it on level 3 of the Spider Nest)
 G - a wand of enslavement (45)
   (You found it in a Gauntlet)
 Q - a wand of acid (34)
   (You found it on level 2 of the Lair of Beasts)
 U - a wand of paralysis (23)
   (You found it in a Gauntlet)
Scrolls
 g - 18 scrolls of teleportation
 n - 9 scrolls of immolation
 u - 26 scrolls of remove curse
 v - 7 scrolls of amnesia
 E - 10 scrolls of fear
 K - 13 scrolls of fog
 N - 4 scrolls of summoning
 O - 7 scrolls of blinking
 P - 3 scrolls of magic mapping
 X - 4 scrolls of identify
 Y - 2 scrolls of holy word
Potions
 e - 17 potions of curing
 h - 8 potions of ambrosia
 o - 7 potions of berserk rage
 p - 9 potions of brilliance
 q - a potion of cancellation
 r - 4 potions of heal wounds
 s - 8 potions of magic
 w - 5 potions of might
 B - 4 potions of mutation
 D - 4 potions of haste
 S - 8 potions of resistance
 W - 3 potions of stabbing
Miscellaneous
 y - 10 phantom mirrors
 A - a lightning rod (4/4)
   (You found it in a Gauntlet)
Comestibles
 c - 45 rations


   Skills:
 + Level 25.2 Fighting
 - Level 17.2(18.0) Axes
   Level 9.2(14.3) Maces & Flails
 + Level 24.5 Dodging
 - Level 1.7 Stealth
 - Level 15.0 Shields
 - Level 12.0 Spellcasting
 - Level 2.0 Conjurations
 - Level 8.0 Necromancy
 - Level 1.0 Translocations
 - Level 15.0 Transmutations
 - Level 5.0 Fire Magic
 - Level 1.0 Air Magic
 - Level 15.3 Earth Magic
 - Level 10.0 Poison Magic
 - Level 18.0 Invocations
 - Level 5.0 Evocations


You had 11 spell levels left.
You knew the following spells:

 Your Spells              Type           Power        Failure   Level  Hunger
a - Sting                 Tmut/Pois      ####         1%          1    None
b - Poisonous Vapours     Pois/Air       #####.       1%          2    None
c - Ignite Poison         Fire/Tmut/Pois ######..     1%          3    None
d - Mephitic Cloud        Conj/Pois/Air  #####...     4%          3    None
e - Olgreb's Toxic Radia  Pois           ######..     1%          4    None
f - Conjure Flame         Conj/Fire      #####...     6%          3    None
g - Inner Flame           Hex/Fire       ####....     9%          3    None
h - Borgnjor's Vile Clut  Necr/Erth      ######....   2%          5    ####...
i - Statue Form           Tmut/Erth      #######..    3%          6    #####..
j - Eringya's Noxious Bo  Tmut/Pois      ######....   8%          6    #####..
q - Apportation           Tloc           ###...       6%          1    None
r - Blink                 Tloc           N/A          9%          2    None

Your spell library contained the following spells:

 Spells                   Type           Power        Failure   Level  Hunger
 Stone Arrow              Conj/Erth      ######       1%          3    None
 Petrify                  Tmut/Erth      #######.     1%          4    None
 Alistair's Intoxication  Tmut/Pois      ######..     1%          5    ####...
 Blade Hands              Tmut           #######...   1%          5    ####...
 Corpse Rot               Necr/Air       N/A          2%          2    None
 Animate Dead             Necr           N/A          3%          4    None
 Hydra Form               Tmut           #######...   3%          6    #####..
 Magic Dart               Conj           ####         4%          1    None
 Shock                    Conj/Air       ###.         4%          1    None
 Ice Form                 Ice/Tmut       ######..     4%          4    None
 Leda's Liquefaction      Hex/Erth       ######....   4%          4    None
 Searing Ray              Conj           ####..       6%          2    None
 Corona                   Hex            ###....      9%          1    None
 Freeze                   Ice            ###.         9%          1    None
 Infusion                 Chrm           ###.         9%          1    None
 Summon Butterflies       Summ           ###.....     9%          1    None
 Shroud of Golubria       Chrm/Tloc      ###...       10%         2    None
 Swiftness                Chrm/Air       ###.....     10%         2    None
 Bolt of Magma            Conj/Fire/Erth ######....   11%         5    ####...
 Yara's Violent Unravell  Hex/Tmut       ######....   11%         5    ####...
 Call Imp                 Summ           ###.....     12%         2    None
 Ensorcelled Hibernation  Hex/Ice        ###...       12%         2    None
 Slow                     Hex            ###.....     12%         2    None
 Song of Slaying          Chrm           ###.....     12%         2    None
 Static Discharge         Conj/Air       ###.....     13%         3    None
 Dragon Form              Tmut           #######...   14%         7    #######
 Dazzling Flash           Conj/Hex       ###...       16%         3    None
 Gell's Gravitas          Tloc           ###.......   16%         3    None
 Lesser Beckoning         Tloc           ###.......   16%         3    None
 Sticky Flame             Conj/Fire      #####...     17%         4    None
 Portal Projectile        Hex/Tloc       ###...       19%         3    None
 Recall                   Summ/Tloc      N/A          19%         3    None
 Call Canine Familiar     Summ           ###.....     22%         3    None
 Confusing Touch          Hex            ###.....     22%         3    None
 Frozen Ramparts          Ice            ###...       22%         3    None
 Ozocubu's Armour         Chrm/Ice       ###.....     22%         3    None
 Spectral Weapon          Hex/Chrm       ###.....     22%         3    None
 Summon Guardian Golem    Hex/Summ       ###.....     22%         3    None
 Tukima's Dance           Hex            ###.....     22%         3    None
 Iron Shot                Conj/Erth      ######....   30%         6    #####..
 Iskenderun's Mystic Bla  Conj/Tloc      ###.....     36%         4    None
 Death Channel            Necr           ######....   38%         6    #####..
 Airstrike                Air            ###.......   43%         4    None
 Fulminant Prism          Conj/Hex       ###.......   43%         4    None
 Hailstorm                Conj/Ice       ###.....     43%         4    None
 Fireball                 Conj/Fire      #####.....   43%         5    ####...
 Summon Lightning Spire   Summ/Air       ###.....     47%         4    None
 Cause Fear               Hex            ###.......   54%         4    None
 Summon Ice Beast         Ice/Summ       ###.....     54%         4    None
 Lightning Bolt           Conj/Air       ###.......   69%         5    ####...
 Iskenderun's Battlesphe  Conj/Chrm      ###.....     75%         5    ####...
 Silence                  Hex/Air        ###.......   82%         5    ####...
 Summon Forest            Summ/Tloc      ###.......   82%         5    ####...
 Metabolic Englaciation   Hex/Ice        ###.......   87%         5    ####...
 Summon Mana Viper        Hex/Summ       ###.....     87%         5    ####...
 Simulacrum               Ice/Necr       #####.....   88%         6    #####..
 Starburst                Conj/Fire      #####.....   92%         6    #####..
 Conjure Ball Lightning   Conj/Air       ###.......   99%         6    #####..
 Freezing Cloud           Conj/Ice/Air   ###.......   99%         6    #####..
 Darkness                 Hex            ###.......   100%        6    #####..
 Invisibility             Hex            ###.....     100%        6    #####..
 Ozocubu's Refrigeration  Ice            ###.......   100%        6    #####..
 Shadow Creatures         Summ           N/A          100%        6    #####..
 Orb of Destruction       Conj           ####......   100%        7    #######
 Ring of Flames           Chrm/Fire      ####......   100%        7    #######
 Spellforged Servitor     Conj/Summ      ###.......   100%        7    #######
 Summon Hydra             Summ           ###.......   100%        7    #######
 Ignition                 Fire           #####.....   100%        8    #######
 Shatter                  Erth           #######...   100%        9    #######


Dungeon Overview and Level Annotations

Branches:
Dungeon (15/15)            Temple (1/1) D:5            Lair (6/6) D:10
 Shoals (4/4) Lair:4       Spider (4/4) Lair:3        Slime (0/5) Lair:6
    Orc (2/2) D:9             Elf (3/3) Orc:2        Vaults (5/5) D:14
  Crypt (0/3) Vaults:3     Depths (5/5) D:15            Zot (5/5) Depths:5
Ossuary (visited)         Desolation (visited)      Gauntlet (visited)

Altars:
Ashenzari
Dithmenos
Elyvilon
Fedhas
Gozag
Hepliaklqana
Kikubaaqudgha
Makhleb
Nemelex Xobeh
Ru
Sif Muna
Uskayaw
Wu Jian
Xom
Yredelemnul
The Shining One
Jiyva

Shops:
D:4 }   D:9 [   D:10 }??   D:11 ?   D:12 %   Orc:2 ?*![   Depths:4 =}==(!

Portals:
Hell: Lair:6 Depths:1 Depths:2 Depths:3 Depths:4 Depths:5
Abyss: Depths:4 Depths:5
Pandemonium: Depths:3 Depths:5
Ziggurat: Depths:1

Annotations:
D:3 2 transporters, Sigmund
D:5 exclusion: door
Lair:2 1 runed translucent door, zkyp's ghost, journeyman OgCK
Lair:4 3 runed translucent doors, exclusion: oklob plant, coffeespoons's ghost, journeyman TrMo
Zot:4 2 transporters


Innate Abilities, Weirdness & Mutations

You can be seen from farther away. (+LOS)
You can swim through water.
((You cover ground slowly.))
You can hop long distances.
((You are partially covered in slimy green scales. (AC +2)))
((You are partially covered in yellow scales. (AC +2)))
Your skin changes colour to match your surroundings (Stealth+).
You have an increased reservoir of magic. (+10% MP)
Your system is resistant to poisons. (rPois)
You occasionally shout uncontrollably at your foes.
You are weak. (Str -2)
Your spells are a little harder to cast, but a little more powerful.


Message History

The poison arrow reflects off an invisible shield around you!
The poison arrow hits Arhitt!!
Arhitt partially resists.
Arhitt is poisoned.
You kill Arhitt!
Your life force feels restored.
Unknown command.
The ice encasing you melts away. The smoke demon gestures at you.
Something smites you!
* * * LOW HITPOINT WARNING * * *
You slice the smoke demon!!
The smoke demon is severely wounded.
The smoke demon hits you but does no damage.
You block the smoke demon's attack. x2
Uskayaw will force your foes to helplessly watch your dance.
Uskayaw prepares the audience for your solo!
Unknown command.
The helpless smoke demon fails to defend itself.
You slice the smoke demon!!
You kill the smoke demon!
The ynoxinul is engulfed in freezing vapours.
Unknown command.
The ynoxinul is engulfed in freezing vapours.
The helpless ynoxinul fails to defend itself.
You open the ynoxinul like a pillowcase!!!!
You kill the ynoxinul!
You can no longer pass through a line of other dancers.
Your extra speed is starting to run out.
You start to feel less resistant.
There is a staircase leading out of the dungeon here.
Unknown command.
You are confused.
You feel invigorated.
You start resting.
Your resistance to elements expires.
You feel yourself slow down.
You are more confused.
You feel more invigorated.
You start resting.
You feel a little less mighty now.
You feel less invigorated.
You feel less confused.
A Hell Sentinel comes into view.
Okay, then.
Unknown command.
Enter note: gg The Hell Sentinel roars!
The Hell Sentinel gestures at you.
The sphere of damnation explodes!
The damnation engulfs you!!!
You hear a hideous shriek!
You have escaped!

..###...###.##.#.##.######.## #
..#....############.# #.#
.......#.........##.######.## #
#.#.#....#####.8.##.....###.## ##
......§#.#≈≈≈#...######.# ##.###.
....####.#≈≈≈#.#.# #.# ##...#
#.### #.#≈≈;#.#.# #.# ##..# #.#
#.#####.#.# #.# #..# #.#
#.......#8# #.# #>.#
#.######.#####.#.######.#### #..#
....)..#.#≈≈≈#.#.#....>....###).#
######.#.#≈≈≈#.#.######.##.##...#
#.#.#≈≈≈#...#..###.##.##...#
#...#####.8.##..............
###........1#####...........
############ #..##.#..... #.#
#..##.##...#


You could see a Hell Sentinel.

Vanquished Creatures
  9 ancient liches
  4 orbs of fire (Zot:5)
  Mara (Spider:3)
  2 juggernauts (Depths:4)
  3 Killer Klowns
  Margery (Vaults:2)
  A caustic shrike (Depths:4)
  2 curse toes
  13 golden dragons
  2 bone dragons (Depths:5)
  4 pandemonium lords
  2 electric golems (Zot:5)
  2 hellephants
  3 liches
  Jorgrun (Spider:1)
  12 tentacled monstrosities
  6 titans
  2 deep elf master archers (Elf:3)
  26 Orb Guardians
  3 quicksilver dragons
  A deep elf blademaster (Elf:3)
  A sphinx (Vaults:5)
  A tentacled starspawn (Abyss:2)
  An acid blob (Zot:5)
  3 death cobs
  13 shadow dragons
  Donald (Spider:3)
  Agnes (D:14)
  12 storm dragons
  10 tengu reavers
  Kirke (D:13)
  4 draconian monks
  Roxanne (Spider:4)
  8 frost giants
  7 fire giants
  6 draconian knights
  An orc warlord (Orc:2)
  11 deep elf sorcerers
  5 imperial myrmidons (Desolation)
  22 vault wardens
  5 ghost moths
  Louise (Spider:1)
  3 balrugs (Depths:1)
  2 draconian scorchers
  3 emperor scorpions (Spider:4)
  A ghoul (Vaults:1)
  3 draconian shifters
  A cacodemon (Zot:3)
  16 ironheart preservers
  5 draconian stormcallers
  4 draconian annihilators
  3 spriggan defenders (Depths:4)
  2 deep elf elementalists (Elf:3)
  3 vampire knights
  25 very ugly things
  Nessos (Orc:2)
  A juggernaut skeleton (Depths:1)
  7 green draconians
  4 entropy weavers
  20 stone giants
  A spark wasp (Depths:4)
  An entropy weaver (shapeshifter) (Vaults:5)
  10 black draconians
  7 deep elf demonologists
  6 red draconians
  Azrael (Orc:2)
  8 purple draconians
  12 white draconians
  2 halazid warlocks (Desolation)
  A minotaur (Gauntlet)
  6 deep elf annihilators (Elf:3)
  11 yellow draconians
  4 deep elf death magi (Elf:3)
  An eidolon (Depths:2)
  A blizzard demon (Zot:1)
  15 ettins
  A death ooze (Gauntlet)
  4 merfolk javelineers (Shoals:4)
  6 merfolk impalers
  A crystal guardian (Desolation)
  Snorg (Orc:1)
  6 great orbs of eyes
  4 fire dragons
  11 yaktaur captains
  Josephine (D:13)
  10 deep elf high priests
  6 ragged hierophants (Desolation)
  Erolcha (Orc:2)
  Fannar (Lair:1)
  46 vault guards
  10 ogre magi
  5 merfolk avatars
  6 peacekeepers (Desolation)
  10 ice dragons
  6 centaur warriors
  10 rakshasas
  6 servants of whispers (Desolation)
  7 hydras
  4 alligator snapping turtles
  3 merfolk aquamancers (Shoals:4)
  36 two-headed ogres
  24 dancing weapons
  2 death knights
  7 death yaks
  2 satyrs
  3 vampire magi
  A thrashing horror (Abyss:2)
  8 deep troll earth magi
  2 spriggan berserkers
  2 orc high priests
  6 deep troll shamans
  2 tengu warriors (D:13)
  Urug (D:13)
  3 soul eaters
  A fire crab (Gauntlet)
  24 deep elf knights
  13 hell knights
  A titan skeleton (Depths:2)
  2 sixfirhies
  4 salamander mystics (Depths:4)
  3 shadow wraiths
  5 skeletal warriors
  A storm dragon skeleton (Depths:2)
  3 iron trolls
  24 deep trolls
  An unseen horror (shapeshifter) (Depths:5)
  A wretched star (Gauntlet)
  A spark wasp zombie (Depths:1)
  10 wizards
  4 unseen horrors
  A shadow demon (Abyss:2)
  7 glowing orange brains
  6 sea snakes
  11 deep elf archers
  8 flayed ghosts
  17 ironbrand convokers
  9 orc knights
  2 orange crystal statues (Depths:2)
  16 harpies
  A sphinx zombie (Depths:2)
  A harpy (shapeshifter) (Vaults:5)
  4 phantasmal warriors
  6 necromancers
  4 mana vipers (Depths:2)
  55 deep elf magi
  48 ugly things
  7 cyclopes
  4 orc sorcerers
  20 wolf spiders
  A fire giant zombie (Depths:1)
  21 fauns
  14 orb spiders
  12 salamanders (Depths:4)
  15 manticores
  A worldbinder (Abyss:2)
  A rust devil (Depths:1)
  A black mamba (shapeshifter) (Depths:3)
  A water nymph (Shoals:4)
  15 moths of wrath
  2 black mambas
  10 merfolk sirens
  8 smoke demons
  4 orange demons
  2 gargoyles
  20 vault sentinels
  2 torpor snails
  Psyche (D:8)
  Joseph (D:8)
  17 spiny frogs
  A stone giant skeleton (Depths:1)
  3 hellions (Depths:1)
  2 rime drakes (Lair:6)
  4 centaur skeletons
  A kobold demonologist (Elf:1)
  8 komodo dragons
  A rime drake (shapeshifter) (Depths:3)
  4 ice devils
  3 spectral merfolk (Depths:2)
  A tormentor (Depths:5)
  10 freezing wraiths
  A komodo dragon (shapeshifter) (Vaults:5)
  36 yaktaurs
  4 efreet
  3 trolls
  4 hellwings
  12 demonic crawlers
  4 meliai (shapeshifter)
  7 wind drakes
  A red devil (Lair:6)
  A tengu conjurer (D:14)
  11 hornets
  28 jumping spiders
  32 merfolk
  A merfolk (shapeshifter) (Depths:4)
  4 polar bears
  2 raiju (shapeshifter) (Vaults:4)
  3 raiju (Depths:2)
  6 blink frogs
  16 slime creatures
  11 hippogriffs
  A tengu simulacrum (Vaults:3)
  44 saltlings
  4 dream sheep (Lair:5)
  15 snapping turtles
  A centaur simulacrum (D:15)
  7 shadows
  2 tarantellas (shapeshifter)
  2 wyverns
  A ynoxinul (D:1)
  3 large abominations
  An air elemental (Elf:3)
  79 redbacks
  28 tarantellas
  6 vampires
  32 water elementals
  21 yaks
  17 wraiths
  7 fire elementals
  6 hogs (D:13)
  7 fire bats
  A golden eye (Lair:4)
  9 small abominations
  3 humans (shapeshifter)
  4 hungry ghosts
  6 basilisks
  4 human simulacra
  4 chaos spawn
  A neqoxec (Abyss:2)
  A minotaur simulacrum (Depths:2)
  9 wargs
  A soldier ant (D:14)
  A naga (shapeshifter) (Vaults:5)
  4 acid dragons
  An acid dragon (shapeshifter) (Vaults:5)
  A spectral troll (Depths:2)
  13 water moccasins
  13 hell hounds
  Duvessa (D:6)
  A floating eye (Depths:2)
  6 porcupines
  3 spectral spriggans (Depths:2)
  3 ettin simulacra (Depths:3)
  3 ice beasts
  4 sky beasts
  48 orc warriors
  3 phantoms
  A necrophage (D:12)
  27 ogres
  28 centaurs
  5 boggarts
  6 wolves (Depths:2)
  13 crocodiles
  3 big kobolds
  15 bullfrogs
  Dowan (D:6)
  A water moccasin zombie (D:5)
  An earth elemental (Elf:2)
  A troll zombie (D:9)
  A wyvern skeleton (D:14)
  13 scorpions
  A scorpion (shapeshifter) (Vaults:1)
  19 killer bees
  2 spectral ogres (Depths:2)
  3 spectral nagas (Depths:2)
  18 wights
  The ghost of xccam the Ruffian, a weakling DrTm (D:3)
  9 electric eels
  8 howler monkeys
  2 spectral centaurs (Depths:2)
  9 crimson imps
  3 bullfrog zombies
  A centaur zombie (Ossuary)
  A quasit (D:10)
  4 bullfrog skeletons
  A hound (shapeshifter) (Vaults:5)
  22 orc priests
  9 hounds
  5 human zombies (Ossuary)
  A jelly (D:5)
  14 orc wizards
  Jessica (D:6)
  9 iguanas
  3 spriggan simulacra (Depths:2)
  7 worker ants
  3 big kobold zombies (Ossuary)
  5 ogre zombies (D:9)
  A hound zombie (D:9)
  A hound skeleton (D:7)
  A howler monkey zombie (D:6)
  3 mummies (Ossuary)
  3 worker ant zombies
  15 adders
  5 scorpion zombies (Ossuary)
  5 shadow imps
  2 white imps
  4 ufetubi
  3 oozes
  4 worms
  2 dart slugs
  4 leopard geckos
  98 orcs
  8 giant cockroaches
  18 goblins
  8 hobgoblins
  4 jackals
  A jackal (shapeshifter) (Vaults:5)
  3 quokkas
  2 ball pythons
  A ball python skeleton (D:5)
  6 bats
  7 frilled lizards
  3 gnoll zombies (Ossuary)
  A goblin skeleton (D:9)
  3 hobgoblin zombies
  A jackal skeleton (D:6)
  22 kobolds
  A kobold zombie (Ossuary)
  17 orc zombies
  A quokka skeleton (D:9)
  5 rats
  4 crawling corpses
  7 fungi
  5 plants
2358 creatures vanquished.

Vanquished Creatures (others)
  A tentacled monstrosity (Vaults:5)
  A sphinx (Vaults:5)
  2 yaktaur captains (Vaults:5)
  A ragged hierophant (Desolation)
  A spriggan air mage (Depths:2)
  A centaur warrior (Depths:2)
  A deep elf knight (Elf:2)
  An unseen horror (Vaults:1)
  2 deep elf archers
  3 deep elf magi
  A faun (Shoals:1)
  A cyclops (Shoals:4)
  A moth of wrath (Zot:3)
  A vault sentinel (Vaults:4)
  11 yaktaurs
  A hell hound (Orc:2)
  An ogre (Depths:3)
  A centaur (Vaults:1)
  A kobold zombie (Ossuary)
  7 fungi
  19 plants
  2 starspawn tentacles (Abyss:2)
  16 withered plants
77 creatures vanquished.

Grand Total: 2435 creatures vanquished

Notes
Turn   | Place    | Note
-------+----------+-------------------------------------------
     0 | D:1      | Flugkiller the Barachi Venom Mage began the quest for the
                  | Orb.
     0 | D:1      | Reached XP level 1. HP: 13/13 MP: 3/3
     3 | D:1      | Noticed an electric eel
     3 | D:1      | Noticed an electric eel
   119 | D:1      | Reached XP level 2. HP: 8/19 MP: 0/5
   369 | D:1      | Learned a level 2 spell: Poisonous Vapours
   390 | D:1      | Found a sparkling altar of Nemelex Xobeh.
   764 | D:1      | Reached skill level 1 in Air Magic
   824 | D:1      | Reached XP level 3. HP: 24/24 MP: 3/6
  1449 | D:2      | Reached skill level 1 in Fighting
  1449 | D:2      | Reached skill level 1 in Shields
  1521 | D:2      | Reached XP level 4. HP: 27/32 MP: 6/8
  1684 | D:3      | Found a transporter.
  1686 | D:3      | Noticed a bullfrog
  1687 | D:3      | Found a transporter.
  1692 | D:3      | Found a shimmering altar of Xom.
  1696 | D:3      | Noticed Sigmund
  2055 | D:3      | Reached XP level 5. HP: 15/37 MP: 5/9
  2233 | D:3      | Learned a level 3 spell: Ignite Poison
  2237 | D:3      | Learned a level 3 spell: Mephitic Cloud
  2429 | D:3      | Reached skill level 5 in Poison Magic
  2559 | D:3      | Found a runed translucent door.
  2573 | D:3      | Noticed xccam's ghost (weakling DrTm)
  3101 | D:4      | Noticed an ogre
  3123 | D:4      | Killed an ogre
  3123 | D:4      | Reached XP level 6. HP: 14/43 MP: 6/11
  3336 | D:4      | Found Gagry's Gadget Shop.
  3777 | D:4      | Reached skill level 1 in Conjurations
  4205 | D:5      | Entered Level 5 of the Dungeon
  4233 | D:5      | Reached XP level 7. HP: 48/48 MP: 9/13
  4319 | D:3      | Killed xccam's ghost
  4347 | D:3      | Learned a level 4 spell: Olgreb's Toxic Radiance
  4715 | D:5      | Found an ancient bone altar of Kikubaaqudgha.
  4752 | D:5      | Reached skill level 2 in Fighting
  4790 | D:5      | Found a staircase to the Ecumenical Temple.
  4818 | D:5      | Reached skill level 1 in Fire Magic
  5011 | D:5      | Reached XP level 8. HP: 56/56 MP: 10/15
  5037 | D:5      | Found a basalt altar of Yredelemnul.
  5075 | D:5      | Reached skill level 5 in Spellcasting
  5342 | D:5      | Learned a level 3 spell: Conjure Flame
  5346 | D:5      | Learned a level 3 spell: Inner Flame
  6171 | D:6      | Noticed Duvessa
  6173 | D:6      | Noticed Dowan
  6178 | D:6      | Killed Duvessa
  6178 | D:6      | Reached skill level 3 in Fighting
  6178 | D:6      | Killed Dowan
  6252 | D:6      | Noticed Jessica
  6256 | D:6      | Killed Jessica
  6270 | D:6      | Found a shimmering blue altar of Sif Muna.
  6284 | D:6      | Reached skill level 4 in Fighting
  6284 | D:6      | Reached XP level 9. HP: 53/65 MP: 10/18
  6599 | D:6      | Reached skill level 5 in Fire Magic
  7172 | D:7      | Gained mutation: You possess an exceptional clarity of
                  | mind. [potion of mutation]
  7172 | D:7      | Gained mutation: You are frail. (-10% HP) [potion of
                  | mutation]
  7172 | D:7      | Lost mutation: You possess an exceptional clarity of mind.
                  | [potion of mutation]
  7172 | D:7      | Gained mutation: Your flesh is heat resistant. (rF+)
                  | [potion of mutation]
  7173 | D:7      | Lost mutation: You are frail. (-10% HP) [potion of
                  | mutation]
  7173 | D:7      | Lost mutation: Your flesh is heat resistant. (rF+) [potion
                  | of mutation]
  7173 | D:7      | Gained mutation: Armour fits poorly on your strangely
                  | shaped body. [potion of mutation]
  7173 | D:7      | Gained mutation: You expend magic power (3 MP) to
                  | strengthen your wands. [potion of mutation]
  7328 | D:7      | Reached skill level 5 in Dodging
  8016 | D:7      | Reached XP level 10. HP: 67/71 MP: 14/20
  8032 | D:7      | Learned a level 2 spell: Blink
  8088 | D:7      | Reached skill level 1 in Translocations
  8194 | D:7      | Reached skill level 5 in Fighting
  8295 | D:7      | Found a shadowy altar of Dithmenos.
  8658 | D:7      | Found a burning altar of Makhleb.
  8799 | Temple   | Entered the Ecumenical Temple
  8816 | Temple   | Became a worshipper of Uskayaw the Reveler
  9013 | D:8      | Noticed Psyche
  9016 | D:8      | Reached * piety under Uskayaw
  9020 | D:8      | Killed Psyche
  9020 | D:8      | Reached skill level 1 in Invocations
  9029 | D:8      | Found a sand-covered staircase.
  9037 | Ossuary  | Entered an ossuary
  9236 | Ossuary  | Reached ** piety under Uskayaw
  9240 | Ossuary  | Reached *** piety under Uskayaw
 10619 | D:8      | Found a hazy altar of Hepliaklqana.
 10637 | D:8      | Noticed a two-headed ogre
 10710 | D:8      | Noticed Joseph
 10719 | D:8      | Killed Joseph
 11374 | D:8      | Found an opulent altar of Gozag.
 11388 | D:8      | Killed a two-headed ogre
 11388 | D:8      | Reached skill level 10 in Poison Magic
 11388 | D:8      | Reached skill level 5 in Invocations
 11694 | D:9      | Reached XP level 11. HP: 63/79 MP: 9/21
 11879 | D:9      | Identified the Compendium of the Eagle
 12195 | D:9      | Found a staircase to the Orcish Mines.
 12924 | D:9      | Noticed a two-headed ogre
 12929 | D:9      | Killed a two-headed ogre
 13051 | D:9      | Reached skill level 6 in Fighting
 13099 | D:9      | Found Munaurph's Armour Shop.
 13104 | D:9      | Bought the +3 cloak "Wizurghe" {Int+4} for 383 gold pieces
 13174 | D:10     | Entered Level 10 of the Dungeon
 13219 | D:10     | Found Meuwkuen's Magic Scroll Emporium.
 13228 | D:10     | Bought a scroll of blinking for 112 gold pieces
 13232 | D:10     | Noticed a death yak
 13233 | D:10     | Noticed a death yak
 13239 | D:10     | Noticed a death yak
 13242 | D:10     | Reached **** piety under Uskayaw
 13243 | D:10     | Killed a death yak
 13243 | D:10     | Killed a death yak
 13295 | D:10     | Found a staircase to the Lair.
 13295 | D:10     | Noticed a death yak
 13297 | D:10     | Noticed a death yak
 13299 | D:10     | Noticed a death yak
 13307 | D:10     | Killed a death yak
 13307 | D:10     | Reached skill level 1 in Maces & Flails
 13307 | D:10     | Killed a death yak
 13307 | D:10     | Reached ***** piety under Uskayaw
 13308 | D:10     | Killed a death yak
 13316 | D:10     | Killed a death yak
 13316 | D:10     | Reached ****** piety under Uskayaw
 13452 | D:10     | Reached XP level 12. HP: 75/88 MP: 22/22
 13458 | D:10     | Found Ecsogiel's Magic Scroll Shop.
 13648 | D:10     | Found Lahoshru's Gadget Emporium.
 13891 | Lair:1   | Entered Level 1 of the Lair of Beasts
 14008 | Lair:1   | Reached skill level 7 in Fighting
 14115 | Orc:1    | Entered Level 1 of the Orcish Mines
 14275 | Orc:1    | Noticed an orc high priest
 14281 | Orc:1    | Killed an orc high priest
 14286 | Orc:1    | Reached skill level 10 in Dodging
 14381 | Orc:1    | Reached skill level 8 in Fighting
 14937 | Orc:2    | Entered Level 2 of the Orcish Mines
 14946 | Orc:2    | Noticed Snorg
 15004 | Orc:1    | Killed Snorg
 15004 | Orc:1    | Reached skill level 5 in Evocations
 15308 | Orc:2    | Noticed Azrael
 15356 | Orc:2    | Killed Azrael
 15737 | Orc:1    | Gained mutation: You can hop long distances. [Barachi
                  | growth]
 15737 | Orc:1    | Reached XP level 13. HP: 59/98 MP: 22/25
 16340 | Orc:2    | Noticed an orc warlord
 16354 | Orc:2    | Killed an orc warlord
 16440 | Orc:2    | Noticed Nessos
 16447 | Orc:2    | Killed Nessos
 16591 | Orc:2    | Found a burning altar of Makhleb.
 16607 | Orc:2    | Found a staircase to the Elven Halls.
 16711 | Orc:2    | Noticed Erolcha
 16718 | Orc:2    | Killed Erolcha
 16848 | Orc:2    | Found Seigoas's Assorted Antiques.
 16848 | Orc:2    | Found Esauje's Distillery.
 16848 | Orc:2    | Found Ilupecon's Armour Emporium.
 16869 | Orc:2    | Found Ferhoi's Magic Scroll Boutique.
 17233 | Orc:2    | Bought a smoking war axe for 280 gold pieces
 17233 | Orc:2    | Identified the +8 war axe of the Endless March {vorpal,
                  | Int+3 SInv} (You bought it in a shop on level 2 of the
                  | Orcish Mines)
 17236 | Orc:2    | Bought a scroll of fog for 30 gold pieces
 17236 | Orc:2    | Bought a scroll of summoning for 142 gold pieces
 17236 | Orc:2    | Bought a scroll of blinking for 112 gold pieces
 17236 | Orc:2    | Bought a scroll of fear for 52 gold pieces
 17236 | Orc:2    | Bought a scroll of fear for 52 gold pieces
 17236 | Orc:2    | Bought a scroll of magic mapping for 52 gold pieces
 17351 | Lair:1   | Reached skill level 9 in Fighting
 17380 | Lair:1   | Noticed Fannar
 17384 | Lair:1   | Reached skill level 1 in Axes
 17385 | Lair:1   | Killed Fannar
 18382 | Lair:2   | Found a runed translucent door.
 18408 | Lair:2   | Noticed zkyp's ghost (journeyman OgCK)
 19881 | Lair:3   | Reached skill level 10 in Fighting
 20124 | Lair:3   | Found a hole to the Spider Nest.
 20428 | Lair:3   | Reached skill level 5 in Axes
 21149 | Lair:4   | Reached XP level 14. HP: 110/110 MP: 26/27
 21150 | Lair:4   | Noticed Sonja
 21153 | Lair:4   | Noticed Sonja
 21153 | Lair:4   | Sonja changed into Sonja the golden eye
 21155 | Lair:4   | Killed Sonja the golden eye
 21399 | Lair:4   | Reached skill level 10 in Invocations
 21419 | Lair:4   | Learned a level 5 spell: Borgnjor's Vile Clutch
 21593 | Lair:4   | Reached skill level 1 in Necromancy
 21593 | Lair:4   | Reached skill level 1 in Earth Magic
 21837 | Lair:4   | Found a staircase to the Shoals.
 21922 | Lair:4   | Found a runed translucent gate.
 21923 | Lair:4   | Found a runed translucent gate.
 21923 | Lair:4   | Noticed coffeespoons's ghost (journeyman TrMo)
 21924 | Lair:4   | Found a runed translucent gate.
 21975 | Lair:4   | Found a blossoming altar of Fedhas.
 22926 | Lair:6   | Entered Level 6 of the Lair of Beasts
 23095 | Lair:6   | Found a gate leading to a gauntlet.
 23102 | Gauntlet | Entered a Gauntlet
 23102 | Gauntlet | Found a transporter.
 23110 | Gauntlet | Found a transporter.
 23125 | Gauntlet | Found a transporter.
 23131 | Gauntlet | Found a transporter.
 23146 | Gauntlet | Found a transporter.
 23165 | Gauntlet | Found a transporter.
 23177 | Gauntlet | Found a transporter.
 23189 | Gauntlet | Found a transporter.
 23195 | Gauntlet | Found a transporter.
 23195 | Gauntlet | Found a transporter.
 23199 | Gauntlet | Found a transporter.
 23216 | Gauntlet | Found a transporter.
 23222 | Gauntlet | Found a transporter.
 23224 | Gauntlet | Found a transporter.
 23243 | Gauntlet | Found a transporter.
 23261 | Gauntlet | Found a transporter.
 23279 | Gauntlet | Found a transporter.
 23328 | Gauntlet | Found a transporter.
 24010 | Gauntlet | Got a transparent dagger
 24060 | Gauntlet | Identified the +6 dagger "Cingapt" {drain, rC++} (You found
                  | it in a Gauntlet)
 24226 | Lair:6   | Upgraded the game from 0.25-a0-842-g81a31cfd23 to
                  | 0.25-a0-843-g6944ee31a2
 24509 | Lair:6   | Found a staircase to the Slime Pits.
 24510 | Lair:6   | Found a viscous altar of Jiyva.
 24543 | Lair:6   | Got a jewelled spear
 24544 | Lair:6   | Identified the +4 spear "Inufan" {flame, *Rage rElec rPois}
                  | (You found it on level 6 of the Lair of Beasts)
 24918 | Lair:6   | Reached skill level 5 in Earth Magic
 25603 | Lair:6   | Found a burning altar of Makhleb.
 25610 | Lair:6   | Reached skill level 5 in Necromancy
 25613 | Lair:6   | Found a gateway to Hell.
 25967 | D:11     | Found Yxtam's Magic Scroll Boutique.
 26325 | D:10     | Lost mutation: You expend magic power (3 MP) to strengthen
                  | your wands. [potion of mutation]
 26325 | D:10     | Lost mutation: Armour fits poorly on your strangely shaped
                  | body. [potion of mutation]
 26325 | D:10     | Gained mutation: Scrolls take you a little longer to read.
                  | [potion of mutation]
 26325 | D:10     | Gained mutation: You have an increased reservoir of magic.
                  | (+10% MP) [potion of mutation]
 26325 | D:10     | Gained mutation: Armour fits poorly on your strangely
                  | shaped body. [potion of mutation]
 26325 | D:10     | Gained mutation: You are resistant to hostile enchantments.
                  | (MR+) [potion of mutation]
 26326 | D:10     | Lost mutation: You are resistant to hostile enchantments.
                  | (MR+) [potion of mutation]
 26326 | D:10     | Lost mutation: Scrolls take you a little longer to read.
                  | [potion of mutation]
 26326 | D:10     | Gained mutation: You are partially covered in yellow
                  | scales. (AC +2) [potion of mutation]
 26326 | D:10     | Gained mutation: You are weak. (Str -2) [potion of
                  | mutation]
 26326 | D:10     | Gained mutation: You have a pair of small horns on your
                  | head. [potion of mutation]
 26326 | D:10     | Gained mutation: Your system is resistant to poisons.
                  | (rPois) [potion of mutation]
 26736 | D:10     | Bought a scroll of acquirement for 676 gold pieces
 26736 | D:10     | Identified the +0 pair of boots "Luenwoum" {+Blink rC- rN+
                  | Int+6} (You acquired it on level 10 of the Dungeon)
 26738 | D:10     | Bought a scroll of acquirement for 676 gold pieces
 26738 | D:10     | Bought a scroll of fog for 26 gold pieces
 26738 | D:10     | Bought a scroll of fog for 26 gold pieces
 26738 | D:10     | Bought a scroll of teleportation for 39 gold pieces
 26738 | D:10     | Identified the ring of Ronauwa {rPois rC+ Int+5 Dex-5} (You
                  | acquired it on level 10 of the Dungeon)
 26738 | D:10     | Identified the Handbook of Evil Transmutation (You acquired
                  | it on level 10 of the Dungeon)
 26864 | Orc:2    | Bought a potion of resistance for 140 gold pieces
 26864 | Orc:2    | Bought 2 potions of invisibility for 224 gold pieces
 26972 | D:11     | Bought a scroll of fog for 32 gold pieces
 26972 | D:11     | Bought a scroll of blinking for 120 gold pieces
 26972 | D:11     | Bought a scroll of summoning for 152 gold pieces
 26972 | D:11     | Bought a scroll of summoning for 152 gold pieces
 27246 | D:12     | Reached XP level 15. HP: 115/115 MP: 25/30
 27644 | D:12     | Found Moose's Food Emporium.
 27903 | D:13     | Noticed Urug
 27911 | D:13     | Killed Urug
 28045 | D:13     | Noticed Kirke
 28053 | D:13     | Noticed a sphinx
 28055 | D:13     | Killed Kirke
 28104 | D:13     | Noticed Josephine
 28115 | D:13     | Killed Josephine
 28246 | D:13     | You fall into a shaft and drop 2 floors!
 28246 | D:15     | Entered Level 15 of the Dungeon
 29606 | D:14     | Lost mutation: You have a pair of small horns on your head.
                  | [potion of mutation]
 29606 | D:14     | Gained mutation: You have a pair of small horns on your
                  | head. [potion of mutation]
 29606 | D:14     | Gained mutation: Your skin changes colour to match your
                  | surroundings (Stealth+). [potion of mutation]
 29688 | D:14     | Reached skill level 5 in Maces & Flails
 29825 | D:14     | Noticed Agnes
 29860 | D:14     | Killed Agnes
 29923 | D:14     | Found a gate to the Vaults.
 30095 | D:14     | Found a portal to a secret trove of treasure.
 30561 | Orc:2    | Bought a potion of stabbing for 56 gold pieces
 30561 | Orc:2    | Bought 2 potions of stabbing for 112 gold pieces
 30759 | D:14     | You paid a toll of 8 potions of stabbing to enter a
                  | treasure trove
 30760 | Trove    | Entered a treasure trove
 30768 | Trove    | Got a faintly glowing ruby amulet
 30772 | Trove    | Got a pair of slimy gloves
 30774 | Trove    | Got a spiked hat
 30782 | Trove    | Got a heavily runed turquoise ring
 30814 | D:14     | Identified the amulet "Xaorumuy" {Reflect Str+4 Slay+3
                  | SH+5} (You found it in a treasure trove)
 30818 | D:14     | Identified the ring "Wedotsu" {rElec rF- rC++ Dex+3 Stlth+}
                  | (You found it in a treasure trove)
 30819 | D:14     | Identified the +1 hat of Ru's Reproof {rC+++ MR+ Regen+
                  | Int-4} (You found it in a treasure trove)
 30830 | D:14     | Identified the +4 pair of gloves "Hiosagon" {rPois Str+5}
                  | (You found it in a treasure trove)
 31679 | D:15     | Found a staircase to the Depths.
 31945 | Spider:1 | Entered Level 1 of the Spider Nest
 31950 | Spider:1 | Reached XP level 16. HP: 122/122 MP: 29/31
 32228 | Spider:1 | Noticed Louise
 32248 | Spider:1 | Killed Louise
 32301 | Spider:1 | Noticed Jorgrun
 32305 | Spider:1 | Reached skill level 11 in Fighting
 32311 | Spider:1 | Killed Jorgrun
 32854 | D:10     | Bought a scroll of enchant weapon for 97 gold pieces
 32855 | D:10     | Bought a scroll of identify for 26 gold pieces
 32855 | D:10     | Bought a scroll of identify for 26 gold pieces
 32855 | D:10     | Bought a scroll of magic mapping for 45 gold pieces
 33512 | Spider:3 | Reached skill level 12 in Fighting
 33983 | Spider:3 | Noticed Donald
 33997 | Spider:3 | Killed Donald
 34719 | Spider:4 | Entered Level 4 of the Spider Nest
 34719 | Spider:4 | Noticed Mara
 34721 | Spider:4 | Noticed Flugkiller's illusion
 34841 | Spider:4 | Noticed Flugkiller's illusion
 34848 | Spider:3 | Killed Mara
 34848 | Spider:3 | Reached skill level 13 in Fighting
 34848 | Spider:3 | Reached skill level 5 in Shields
 34848 | Spider:3 | Reached XP level 17. HP: 62/136 MP: 8/33
 35124 | Spider:4 | Reached skill level 15 in Dodging
 35271 | Spider:4 | Identified Roxanne's Guide on the Rocks
 35271 | Spider:4 | Noticed Roxanne
 35303 | Spider:4 | Killed Roxanne
 35534 | Spider:4 | Learned a level 6 spell: Statue Form
 36058 | Spider:4 | Reached skill level 5 in Transmutations
 36855 | Spider:4 | Got a gossamer rune of Zot
 37077 | Shoals:1 | Entered Level 1 of the Shoals
 37784 | Shoals:1 | Identified the Almanac of Assistive Orientation (You
                  | acquired it on level 1 of the Shoals)
 38333 | Shoals:2 | Identified the ring of Lugonu's Favour {rElec rPois rF+
                  | Dex+2 SInv} (You acquired it on level 2 of the Shoals)
 39492 | Shoals:3 | Reached skill level 10 in Earth Magic
 39519 | Shoals:3 | Reached skill level 10 in Spellcasting
 39935 | Shoals:3 | Reached XP level 18. HP: 143/143 MP: 24/35
 40290 | Shoals:4 | Entered Level 4 of the Shoals
 40318 | Shoals:4 | Reached skill level 10 in Transmutations
 40724 | Shoals:4 | Got a barnacled rune of Zot
 41827 | Elf:1    | Entered Level 1 of the Elven Halls
 42344 | Elf:1    | Found a shimmering blue altar of Sif Muna.
 42992 | Elf:2    | Found a runed translucent gate.
 42992 | Elf:2    | Found a runed translucent gate.
 42992 | Elf:2    | Found a runed translucent gate.
 43030 | Elf:2    | Reached skill level 10 in Shields
 43069 | Elf:2    | Reached XP level 19. HP: 149/149 MP: 22/36
 43187 | Elf:2    | Found a ruined gateway.
 43201 | Desolati | Entered the Desolation of Salt
 43488 | Desolati | Got a wavering ivory ring
 43491 | Desolati | Identified the Compendium of Attacks and Transmigration
 43516 | Desolati | Identified the ring of Acusmos {rN+ Dex+5} (You found it in
                  | the Desolation of Salt)
 43819 | Desolati | Identified Geuh's Incunabulum of the Snowflakes
 43822 | Desolati | Got a heavily runed ring mail
 43823 | Desolati | Identified the +1 ring mail of the Lost Path {*Slow rF+
                  | Int+3} (You found it in the Desolation of Salt)
 43972 | Desolati | Got an ichor-stained battleaxe
 43973 | Desolati | Identified the cursed +2 battleaxe of Ruination {vorpal,
                  | *Rage rElec Str+3} (You found it in the Desolation of Salt)
 44421 | Desolati | Identified the ring of Discretion {*Tele rF+++ MR- Int+3}
 44791 | Elf:2    | Reached skill level 15 in Shields
 44891 | Elf:2    | Cast into level 2 of the Abyss (+3 lajatang of distortion)
 44910 | Abyss:2  | Learned a level 1 spell: Apportation
 44954 | Abyss:2  | Noticed a hellephant
 44971 | Abyss:2  | Killed a hellephant
 45040 | Abyss:2  | Reached XP level 20. HP: 156/156 MP: 24/37
 45096 | Abyss:2  | Found a corrupted altar of Lugonu.
 45150 | Elf:2    | Escaped the Abyss
 45413 | Elf:3    | Entered Level 3 of the Elven Halls
 45690 | Elf:3    | Reached skill level 10 in Axes
 46006 | Elf:3    | Learned a level 6 spell: Eringya's Noxious Bog
 46426 | Elf:3    | Identified the ring "Givukkio" {*Corrode Str+4 Int+4 Dex+4}
 46465 | Elf:3    | Identified the amulet of Ehep {rN+ Regen+ Str-4 Slay+2}
 46474 | Elf:3    | Identified the +5 quarterstaff "Spider's Undoing" {vorpal,
                  | Str+3}
 46633 | Elf:3    | Reached skill level 14 in Fighting
 46663 | Elf:3    | Got a jewelled ring mail
 46664 | Elf:3    | Identified the +3 ring mail of the Storm King {rC- MR+
                  | Regen+} (You found it on level 3 of the Elven Halls)
 46670 | Elf:3    | Identified Moqis's Tome of Heat and Beguiling
 46676 | Elf:3    | Identified the Catalogue of Venomous Shape Shifting
 47277 | Vaults:1 | Entered Level 1 of the Vaults
 47412 | Vaults:1 | Found Gazic's Antique Armour Shop.
 47695 | Vaults:1 | Reached XP level 21. HP: 166/166 MP: 38/38
 47840 | Vaults:1 | Identified the Compendium of the First Souls
 48179 | Vaults:1 | Reached skill level 15 in Fighting
 48287 | Vaults:1 | Got a polished battleaxe
 48288 | Vaults:1 | Identified the +1 battleaxe "Aveul" {antimagic, rF+} (You
                  | found it on level 1 of the Vaults)
 48638 | Orc:2    | Bought a manual of Dodging for 3643 gold pieces
 49002 | Vaults:2 | Noticed Margery
 49009 | Vaults:2 | Killed Margery
 49394 | Vaults:2 | Reached skill level 16 in Fighting
 50128 | Vaults:3 | Reached XP level 22. HP: 179/179 MP: 39/39
 50347 | Vaults:3 | Got a crystal arbalest
 50348 | Vaults:3 | Identified the +9 arbalest of the Magi {vorpal, rPois rC++
                  | rN+ MP+9} (You found it on level 3 of the Vaults)
 50380 | Vaults:3 | Found a staircase to the Crypt.
 50816 | Vaults:3 | Reached skill level 17 in Fighting
 51066 | Vaults:4 | Found a shadowy altar of Dithmenos.
 51196 | Vaults:4 | Reached skill level 15 in Axes
 52127 | Vaults:5 | Entered Level 5 of the Vaults
 52130 | Vaults:5 | Reached skill level 18 in Fighting
 52130 | Vaults:5 | Reached XP level 23. HP: 190/190 MP: 30/40
 52140 | Vaults:5 | Reached skill level 15 in Invocations
 52147 | Vaults:5 | Noticed a golden dragon
 52153 | Vaults:5 | Noticed a golden dragon
 52165 | Vaults:4 | Killed a golden dragon
 52289 | Vaults:5 | Noticed a golden dragon
 52300 | Vaults:5 | Killed a golden dragon
 52307 | Vaults:4 | Killed a golden dragon
 52364 | Vaults:5 | Identified the amulet of the Insatiable Curses {Regen+
                  | Slay+3}
 52375 | Vaults:5 | Noticed a golden dragon
 52393 | Vaults:5 | Killed a golden dragon
 52393 | Vaults:5 | Identified the +3 mace of Toafay {antimagic, +Inv Stlth+}
 52400 | Vaults:5 | Reached skill level 19 in Fighting
 52607 | Vaults:5 | Identified the +11 short sword of Watchfulness {freeze,
                  | rPois rF- Str+3 Int+4}
 52613 | Vaults:5 | Reached XP level 24. HP: 201/201 MP: 36/40
 52752 | Vaults:5 | Identified the +8 flail of the Shrike {vorpal, rPois}
 52878 | Vaults:5 | Got a silver rune of Zot
 52929 | Vaults:5 | Got a twitching bone ring
 52933 | Vaults:5 | Identified the ring "Xujilas" {Ice rPois MP-9 Int+3 Slay+4}
                  | (You found it on level 5 of the Vaults)
 53168 | Vaults:5 | Found the +9 staff of Olgreb {rPois∞}
 53173 | Vaults:5 | Identified Sif Muna's Incunabulum of Supportive Fire
 53278 | Vaults:5 | Identified the Papyrus of Fire and Feathers
 53312 | Vaults:5 | Identified the +2 scale mail of Xom's Inspiration {+Inv
                  | rPois Int+6 Stlth-} (You found it on level 5 of the Vaults)
 53937 | Depths:1 | Entered Level 1 of the Depths
 53945 | Depths:1 | Got a transparent bronze ring
 53946 | Depths:1 | Identified the ring "Pasov" {Wiz *Contam rPois rF+} (You
                  | found it on level 1 of the Depths)
 53967 | Depths:1 | Reached skill level 20 in Fighting
 53982 | Depths:1 | Found a gateway to a ziggurat.
 54120 | Depths:1 | Found a huge runed gate.
 54120 | Depths:1 | Found a huge runed gate.
 54120 | Depths:1 | Found a huge runed gate.
 54120 | Depths:1 | Found a huge runed gate.
 54120 | Depths:1 | Found a huge runed gate.
 54120 | Depths:1 | Found a huge runed gate.
 54126 | Depths:1 | Found a huge runed gate.
 54126 | Depths:1 | Found a huge runed gate.
 54126 | Depths:1 | Found a huge runed gate.
 54126 | Depths:1 | Found a huge runed gate.
 54126 | Depths:1 | Found a huge runed gate.
 54127 | Depths:1 | Found a huge runed gate.
 54127 | Depths:1 | Found a huge runed gate.
 54129 | Depths:1 | Found a huge runed gate.
 54130 | Depths:1 | Found a huge runed gate.
 54132 | Depths:1 | Found a huge runed gate.
 54138 | Depths:1 | Found a huge runed gate.
 54139 | Depths:1 | Found a huge runed gate.
 54140 | Depths:1 | Found a huge runed gate.
 54150 | Depths:1 | Found a huge runed gate.
 54150 | Depths:1 | Found a huge runed gate.
 54150 | Depths:1 | Found a huge runed gate.
 54150 | Depths:1 | Found a huge runed gate.
 54150 | Depths:1 | Found a huge runed gate.
 54150 | Depths:1 | Found a huge runed gate.
 54150 | Depths:1 | Found a huge runed gate.
 54176 | Depths:1 | Found a huge runed gate.
 54177 | Depths:1 | Found a huge runed gate.
 54226 | Depths:1 | You fall into a shaft and drop 1 floor!
 54413 | Depths:2 | Got a bound platinum ring
 54415 | Depths:2 | Identified the ring of Dithmenos's Reproof {*Contam rPois
                  | rC++ MR+ MP-9} (You found it on level 2 of the Depths)
 54762 | Depths:1 | Found a huge runed gate.
 54763 | Depths:1 | Found a huge runed gate.
 54764 | Depths:1 | Found a huge runed gate.
 54765 | Depths:1 | Found a huge runed gate.
 54783 | Depths:1 | Found a huge runed gate.
 55209 | Depths:2 | Got a heavily runed brass amulet
 55212 | Depths:2 | Identified the amulet of Uskayaw's Whim {Faith rF+ Dex+4}
                  | (You found it on level 2 of the Depths)
 55316 | Depths:2 | Reached XP level 25. HP: 210/210 MP: 40/40
 55341 | Depths:2 | Paralysed by a floating eye for 2 turns
 55362 | Depths:2 | Got an encrusted glaive
 55368 | Depths:2 | Identified the cursed +1 glaive of Pyromania {vorpal, rC+
                  | SInv Stlth+} (You found it on level 2 of the Depths)
 55480 | Depths:2 | Noticed an ancient lich
 55505 | Depths:2 | Killed an ancient lich
 56038 | Depths:3 | Found a one-way gate leading to the halls of Pandemonium.
 56287 | Depths:3 | Found the +3 salamander hide armour {+Rage rF++}
 57050 | Depths:4 | Found Peshrayg's Distillery.
 57091 | Depths:4 | Bought a potion of magic for 144 gold pieces
 57091 | Depths:4 | Bought a potion of heal wounds for 90 gold pieces
 57319 | Depths:4 | Found Goaseboh's Antique Weapon Shoppe.
 57380 | Depths:4 | Noticed a juggernaut
 57391 | Depths:4 | Killed a juggernaut
 57391 | Depths:4 | Reached skill level 15 in Transmutations
 57400 | Depths:4 | Reached skill level 15 in Earth Magic
 57549 | Depths:4 | Noticed an ancient lich
 57549 | Depths:4 | Noticed a juggernaut
 57557 | Depths:4 | Killed a juggernaut
 57557 | Depths:4 | Reached XP level 26. HP: 216/218 MP: 37/40
 57558 | Depths:4 | Killed an ancient lich
 57657 | Depths:4 | Identified the +1 scale mail of Teciuxay {Int+8 Dex-3} (You
                  | found it on level 4 of the Depths)
 57731 | Depths:4 | Found a one-way gate to the infinite horrors of the Abyss.
 57769 | Depths:4 | Found Pitwuess's Jewellery Shop.
 57836 | Depths:4 | Found Atueq's Jewellery Emporium.
 57836 | Depths:4 | Found Dyruleth's Gadget Shop.
 57838 | Depths:4 | Found Guthradd's Jewellery Emporium.
 57853 | Depths:4 | Bought the amulet of Nadgh {Reflect rPois rF+ MR+ SH+5} for
                  | 845 gold pieces
 57875 | Depths:4 | Bought the ring of Baph {rElec rC- MP+9 Str+7} for 834 gold
                  | pieces
 57948 | Depths:5 | Entered Level 5 of the Depths
 58168 | Depths:5 | Found a gate to the Realm of Zot.
 58679 | Zot:1    | Entered Level 1 of the Realm of Zot
 58973 | Zot:2    | Identified the ring of Cyskes {Ice Int+2 Slay+4}
 58978 | Zot:2    | Identified the amulet "Tiel" {RegenMP rF+ MR+ Str-3} (You
                  | found it on level 2 of the Realm of Zot)
 59138 | Zot:2    | Reached XP level 27. HP: 67/227 MP: 42/42
 59348 | Zot:3    | Reached skill level 21 in Fighting
 60180 | Zot:4    | Found a transporter.
 60461 | Zot:4    | Reached skill level 22 in Fighting
 60670 | Zot:4    | Found a transporter.
 60799 | Zot:2    | Identified the ring "Vioqura" {rF+ Str+7}
 61196 | Zot:5    | Entered Level 5 of the Realm of Zot
 61479 | Zot:5    | Noticed an ancient lich
 61480 | Zot:5    | Noticed an ancient lich
 61480 | Zot:5    | Noticed an orb of fire
 61487 | Zot:5    | Killed an ancient lich
 61487 | Zot:5    | Killed an ancient lich
 61489 | Zot:5    | Killed an orb of fire
 61489 | Zot:5    | Noticed an ancient lich
 61490 | Zot:5    | Reached skill level 23 in Fighting
 61497 | Zot:5    | Noticed an ancient lich
 61505 | Zot:5    | Killed an ancient lich
 61505 | Zot:5    | Killed an ancient lich
 61641 | Zot:5    | Noticed an orb of fire
 61646 | Zot:5    | Killed an orb of fire
 61781 | Zot:5    | Noticed an orb of fire
 61782 | Zot:5    | Gained mutation: Scrolls take you a little longer to read.
                  | [an orb of fire]
 61784 | Zot:5    | Noticed an orb of fire
 61785 | Zot:5    | Noticed an ancient lich
 61792 | Zot:5    | Killed an orb of fire
 61792 | Zot:5    | Reached skill level 24 in Fighting
 61794 | Zot:5    | Killed an orb of fire
 61797 | Zot:5    | Killed an ancient lich
 61870 | Zot:5    | Noticed an ancient lich
 61880 | Zot:5    | Killed an ancient lich
 62406 | Zot:5    | Lost mutation: Armour fits poorly on your strangely shaped
                  | body. [potion of mutation]
 62406 | Zot:5    | Lost mutation: You have a pair of small horns on your head.
                  | [potion of mutation]
 62406 | Zot:5    | Lost mutation: Scrolls take you a little longer to read.
                  | [potion of mutation]
 62406 | Zot:5    | Gained mutation: Your spells are a little harder to cast,
                  | but a little more powerful. [potion of mutation]
 62406 | Zot:5    | Gained mutation: You are partially covered in slimy green
                  | scales. (AC +2) [potion of mutation]
 62408 | Zot:5    | Got the Orb of Zot
 62440 | Zot:3    | Gained mutation: You occasionally shout uncontrollably at
                  | your foes. [a cacodemon]
 62477 | Zot:1    | Noticed Onacua the pandemonium lord
 62484 | Zot:1    | Killed Onacua the pandemonium lord
 62652 | Depths:1 | Noticed Ceqoro the pandemonium lord
 62652 | Depths:1 | Noticed an ancient lich
 62668 | Depths:1 | Killed an ancient lich
 62668 | Depths:1 | Killed Ceqoro the pandemonium lord
 62668 | Depths:1 | Reached skill level 25 in Fighting
 62758 | D:13     | Noticed Xeutwots the pandemonium lord
 62768 | D:13     | Killed Xeutwots the pandemonium lord
 63006 | D:1      | Noticed Arhitt the pandemonium lord
 63018 | D:1      | Killed Arhitt the pandemonium lord
 63063 | D:1      | gg
 63064 | D:$      | Escaped with the Orb!

Levels and vault maps discovered:
D:1:      arrival_aquarium_b, layout_loops_ring,
          nemelex_xobeh_ov_fountains_minmay
D:2:      layout_rooms
D:3:      layout_loops_ring, gammafunk_temple_overflow_arena,
          ebering_ghost_reflecting_pool, uniq_sigmund
D:4:      layout_loops_cross, first_ration, serial_shops, kennysheep_little_box,
          minmay_goblin_outpost
D:5:      layout_loops_corners, yredelemnul_forgotten_temple_becter,
          lemuel_round_altar, temple_statues, minmay_fire_ice_demons
D:6:      layout_rooms, tgw_sif, kennysheep_dice, uniq_duvessa
D:7:      layout_basic, grunt_dithmenos_smoke, lightli_temple_of_fire
D:8:      layout_loops_ring, lemuel_crystal_altar,
          nicolae_gozag_cash_rules_everything_around_me,
          nicolae_ossuary_entry_plus, blue_anna_alchemist
          [blue_anna_fruit_fields, blue_anna_fruit_fields], uniq_joseph,
          uniq_psyche
D:9:      layout_roguey, zombieorc1_lemuel, serial_shops, shop,
          minmay_misc_feat_chi
D:10:     layout_roguey, dpeg_lair_monsters, serial_shops,
          nicolae_shop_competitors_out_of_business, shop, shop_fountains
D:11:     layout_rooms, serial_shops, shop
D:12:     layout_gridville, serial_shops, nicolae_shop_stone
D:13:     layout_loops_ring, uniq_josephine, uniq_kirke, uniq_urug
D:14:     layout_long_grid, skrybe_vaults_entry_preservation, enter_trove_5,
          minmay_misc_feat_more_columns, uniq_agnes
D:15:     grunt_enter_depths_snipers, layout_grid_maze, minivault_4
Temple:   eino_temple_water
Lair:1:   layout_regular_city, grunt_megastairs_3, lemuel_fruit_tree,
          uniq_fannar
Lair:2:   layout_layer_cave, gammafunk_ghost_grave, serial_bayou_crossing,
          grunt_megastairs_1, infiniplex_staircase_pool
Lair:3:   layout_gridlike, spider_nest_entry_rubble
Lair:4:   layout_cave_pods, minmay_shoals_entry_lonely_mermaid,
          gammafunk_ghost_hydra_chop, tgw_fedhas, uniq_sonja
Lair:5:   layout_regular_city, lemuel_fruit_fields, grunt_megastairs_5
Lair:6:   evil_forest, layout_loops_ring, slime_altar_1, gauntlet_entry_generic,
          enter_volcano_3, grunt_forest_small_clearings
Shoals:1: layout_shoals
Shoals:2: layout_shoals
Shoals:3: layout_shoals
Shoals:4: shoals_end_grunt_garden, layout_shoals
Spider:1: layout_spider_delve, uniq_louise, uniq_jorgrun
Spider:2: layout_spider_delve
Spider:3: layout_spider_delve, uniq_donald
Spider:4: grunt_spider_rune_parallel, guppyfry_spider_mini_1, uniq_roxanne,
          uniq_mara
Orc:1:    nicolae_orc_accident_1, layout_caves
Orc:2:    st_orc_rangers, layout_caves, basic_altar, uniq_nessos, uniq_erolcha,
          uniq_azrael, uniq_snorg
Elf:1:    eino_elf_arrival_the_gate, layout_geoelf_grid, basic_altar,
          hangedman_elf_disciples, hangedman_elf_power_crystal
Elf:2:    layout_loops_ring, portal_desolation_entry_nicolae_nacl
Elf:3:    minmay_elf_hall_curves, layout_gridlike, minivault_4
Vaults:1: nicolae_vaults_asterisk, nicolae_vaults_diagonal_hallway_6,
          nicolae_vaults_triangles, v_misc_24, v_rooms_1,
          nicolae_vaults_little_squares_3, hangedman_vaults_trim,
          nicolae_vaults_ring_of_whatevers, vaults_mumra_minichess_inversion,
          nicolae_vaults_stairing_the_circle, v_misc_24, nicolae_vaults_theta,
          v_misc_30, nicolae_vaults_octagons, v_misc_13,
          nicolae_vaults_diagonal_hallway_8, vaults_room_door_ring,
          layout_vaults_omnibox, serial_shops, nicolae_shop_trees
Vaults:2: hangedman_vaults_cutoff, nicolae_vaults_windows_and_doors_thing,
          nicolae_vaults_little_squares_6, v_misc_19,
          nicolae_vaults_big_angled_halls, v_misc_25, ontoclasm_vaults_eye,
          vaults_room_hallway, v_alt_pattern_4, grunt_vaults_funnel,
          nicolae_vaults_alarming, layout_vaults_omnicross, uniq_margery
Vaults:3: serial_ice_h, vaults_room_grunt_arrival_checkpoint, st_smaller_cells,
          minmay_crypt_entry_vampire_xt, dpeg_vaults_monster_box,
          vaults_room_stairs_pillars, vaults_standard_mumra_enter_the_diamond,
          v_misc_23, v_misc_28, nicolae_vaults_yaktaur_gun_rack,
          grunt_vaults_trifunnel, nicolae_vaults_diagonal_hallway_8,
          ontoclasm_vaults_misaligned, ontoclasm_vaults_fault,
          ontoclasm_vaults_twist, layout_vaults_maze_bifur
Vaults:4: grunt_vaults_hallway_long, v_pattern_1, hangedman_vaults_slice,
          nicolae_vaults_circle_grid_a, nicolae_vaults_network_barrier,
          ontoclasm_vaults_decontamination, vaults_room_fours,
          layout_vaults_chaotic_city, basic_altar
Vaults:5
Depths:1: layout_cave_shapes, enter_ziggurat_d, serial_bayou_pond_b,
          pf_hell_entry_great_geh, not_door_vault_due
Depths:2: lemuel_river_lethe, hell_entry
Depths:3: hangedman_elemental_death_ray, layout_long_grid, hell_entry,
          pan_entry, kennysheep_minor_cross, eino_small_chamber_without_monster,
          grunt_ministairs_1, infiniplex_staircase_trident
Depths:4: minmay_tearing_corner, layout_basic, hell_entry,
          chequers_serial_rivers_room_b, abyss_entry, serial_shops, shop,
          nicolae_shop_waterfront, nicolae_shop_trees, minmay_shop_grove,
          minmay_staircase_bubble
Depths:5: evilmike_zot_entry_hall, layout_cave_shapes, hangedman_decor_points,
          rand_demon_pan_entry_5, abyss_entry, pf_coc_iceberg, st_stairs_10,
          chequers_serial_rivers_large_b
Zot:1:    gammafunk_mikee_crab_dinner, layout_misc_corridors,
          hangedman_zot_wheel_spokes, st_large_dragon_hoard_2
Zot:2:    gammafunk_the_bubble [the_bubble_gammafunk_split],
          layout_onion_interference
Zot:3:    layout_onion_interference
Zot:4:    gammafunk_its_a_trap, layout_misc_corridors
Zot:5:    layout_twisted_circle

Skill      XL: |  1  2  3  4  5  6  7  8  9 10 11 12 13 14 15 16 17 18 19 20 21 22 23 24 25 26 27 |
---------------+----------------------------------------------------------------------------------+-----
Poison Magic   | 4 5 6 8 10 | 10.0
Air Magic      | 1 |  1.0
Spellcasting   | 3 4 6 7 8 9 10 12 | 12.0
Fighting       | 1 2 4 5 6 8 10 13 14 16 18 19 20 25 | 25.2
Shields        | 1 2 3 4 5 6 10 15 | 15.0
Conjurations   | 1 2 |  2.0
Transmutations | 2 9 11 13 15 | 15.0
Fire Magic     | 1 4 5 |  5.0
Dodging        | 4 6 9 11 13 14 15 17 20 24 | 24.5
Evocations     | 4 5 |  5.0
Translocations | 1 |  1.0
Invocations    | 5 8 9 11 12 13 14 15 16 17 18 | 18.0
Maces & Flails | 2 8 9 |  9.2
Axes           | 5 7 12 14 15 17 | 17.2
Necromancy     | 6 8 |  8.0
Earth Magic    | 6 9 10 12 13 15 | 15.3
Stealth        | |  1.7

Action                   |  1- 3 |  4- 6 |  7- 9 | 10-12 | 13-15 | 16-18 | 19-21 | 22-24 | 25-27 || total
-------------------------+-------+-------+-------+-------+-------+-------+-------+-------+-------++-------
Melee: Unarmed           |     3 |       |       |       |       |       |       |     2 |       ||     5
       Short sword       |    41 |    79 |   183 |    40 |       |       |       |       |       ||   343
       Morningstar       |       |       |       |   382 |    13 |       |       |       |       ||   395
       War axe           |       |       |       |       |   408 |       |       |       |       ||   408
       Headbutt          |       |       |       |       |    66 |    97 |   142 |   172 |   225 ||   702
       Eveningstar       |       |       |       |       |   231 |   413 |   189 |       |       ||   833
       Broad axe         |       |       |       |       |       |       |   542 |   742 |  1010 ||  2294
Throw: Stone             |     1 |       |       |     4 |       |       |       |       |       ||     5
 Cast: Sting             |    52 |    59 |    58 |    36 |     1 |       |       |       |       ||   206
       Poisonous Vapours |     1 |    30 |    52 |    51 |    84 |   199 |    30 |     1 |       ||   448
       Olgreb's Toxic Ra |       |       |    14 |    78 |   113 |   146 |    32 |    13 |     1 ||   397
       Ignite Poison     |       |       |    23 |    47 |    75 |   102 |    21 |     2 |       ||   270
       Mephitic Cloud    |       |       |    20 |    10 |    20 |     3 |       |       |       ||    53
       Conjure Flame     |       |       |     4 |    18 |    13 |       |       |       |       ||    35
       Blink             |       |       |       |     2 |       |       |       |       |       ||     2
       Inner Flame       |       |       |       |     1 |       |       |       |       |       ||     1
       Borgnjor's Vile C |       |       |       |       |    19 |    12 |    12 |       |     3 ||    46
       Statue Form       |       |       |       |       |       |    21 |    62 |    56 |    70 ||   209
       Eringya's Noxious |       |       |       |       |       |       |     4 |       |     1 ||     5
       Apportation       |       |       |       |       |       |       |       |       |     3 ||     3
Invok: Stomp             |       |       |       |     2 |       |       |     2 |       |     2 ||     6
       Grand Finale      |       |       |       |     1 |     2 |     3 |     1 |     5 |     7 ||    19
       Line Pass         |       |       |       |       |       |       |     1 |       |       ||     1
 Abil: Hop               |     1 |     2 |     7 |    10 |     6 |     4 |     3 |       |       ||    33
       End Transformatio |       |       |       |       |       |       |     1 |       |     4 ||     5
Evoke: Wand              |       |       |       |       |    15 |       |     5 |     2 |     1 ||    23
  Use: Scroll            |     1 |     2 |     7 |    11 |    18 |    10 |     9 |     8 |    17 ||    83
       Potion            |       |       |     4 |     3 |     8 |     2 |     5 |     2 |    12 ||    36
 Stab: Sleeping          |       |       |       |     6 |     8 |     5 |     7 |     6 |     4 ||    36
       Paralysed         |       |       |       |     6 |    29 |    41 |    91 |   182 |   211 ||   560
       Distracted        |       |       |       |       |       |       |       |     1 |       ||     1
       Invisible         |       |       |       |       |       |       |       |       |     9 ||     9
  Eat: Chunk             |     2 |     8 |    12 |    18 |    32 |    31 |    34 |    38 |    31 ||   206
       Ration            |       |     1 |     2 |     8 |    11 |     8 |     8 |     3 |    11 ||    52
Armor: Robe              |     9 |    15 |    34 |    82 |   148 |   112 |    16 |     6 |     6 ||   428
       Skin              |       |       |       |       |       |   116 |   267 |   176 |   244 ||   803
Dodge: Dodged            |    32 |    65 |   135 |   368 |   648 |   640 |   638 |   524 |   864 ||  3914
Block: Buckler           |       |    18 |    73 |   144 |   218 |   450 |   241 |       |       ||  1144
       Reflection        |       |       |       |       |       |    47 |    58 |    70 |    40 ||   215
       Kite shield       |       |       |       |       |       |       |   654 |   763 |  1168 ||  2585

Table legend:
 A = Non-vault XP
 B = Vault XP
 C = Vault XP percentage of total XP
 D = Non-vault monster count
 E = Vault monster count
 F = Vault count percentage of total count
                 A         B        C        D         E       F
            +---------+---------+-------+---------+---------+-------
      Total |  749825 |  824279 |  52.4 |    1419 |     925 |  39.5
            +---------+---------+-------+---------+---------+-------
        D:1 |      43 |       0 |   0.0 |      25 |       0 |   0.0
        D:2 |      53 |       0 |   0.0 |      17 |       0 |   0.0
        D:3 |     160 |      58 |  26.6 |      25 |       1 |   3.8
        D:4 |     316 |      16 |   4.8 |      16 |       8 |  33.3
        D:5 |     905 |      61 |   6.3 |      29 |       2 |   6.5
        D:6 |    1111 |     404 |  26.7 |      26 |       5 |  16.1
        D:7 |    2177 |       0 |   0.0 |      31 |       0 |   0.0
        D:8 |    1512 |     943 |  38.4 |      13 |       3 |  18.8
        D:9 |    2579 |     782 |  23.3 |      22 |      29 |  56.9
       D:10 |    2426 |    5245 |  68.4 |      33 |       6 |  15.4
       D:11 |    5051 |       0 |   0.0 |      44 |       0 |   0.0
       D:12 |    4484 |       0 |   0.0 |      34 |       0 |   0.0
       D:13 |    4922 |    5871 |  54.4 |      16 |      13 |  44.8
       D:14 |    6696 |    7013 |  51.2 |      24 |      11 |  31.4
       D:15 |    7636 |    2336 |  23.4 |      20 |       3 |  13.0
     Lair:1 |    2686 |    1163 |  30.2 |      12 |       2 |  14.3
     Lair:2 |    1093 |       0 |   0.0 |       6 |       0 |   0.0
     Lair:3 |    4836 |     289 |   5.6 |      23 |       1 |   4.2
     Lair:4 |    7734 |     656 |   7.8 |      22 |       2 |   8.3
     Lair:5 |    2630 |     976 |  27.1 |      10 |       3 |  23.1
     Lair:6 |    3501 |    9524 |  73.1 |      11 |      28 |  71.8
   Shoals:1 |   10774 |       0 |   0.0 |      25 |       0 |   0.0
   Shoals:2 |    8422 |       0 |   0.0 |      17 |       0 |   0.0
   Shoals:3 |   18857 |       0 |   0.0 |      41 |       0 |   0.0
   Shoals:4 |   19870 |   19749 |  49.8 |      39 |      33 |  45.8
   Spider:1 |   20241 |    4558 |  18.4 |      61 |       2 |   3.2
   Spider:2 |    8581 |       0 |   0.0 |      24 |       0 |   0.0
   Spider:3 |   10567 |   10822 |  50.6 |      35 |       2 |   5.4
   Spider:4 |    4032 |   26345 |  86.7 |      13 |      58 |  81.7
      Orc:1 |    3397 |    2786 |  45.1 |      31 |       9 |  22.5
      Orc:2 |    5512 |    8441 |  60.5 |      51 |      44 |  46.3
      Elf:1 |    7561 |    8141 |  51.8 |      12 |      13 |  52.0
      Elf:2 |   28865 |   22689 |  44.0 |      50 |      31 |  38.3
      Elf:3 |    8089 |   44329 |  84.6 |      16 |      32 |  66.7
   Vaults:1 |   18175 |   41912 |  69.8 |      38 |      57 |  60.0
   Vaults:2 |   37820 |   16939 |  30.9 |      52 |      25 |  32.5
   Vaults:3 |   26480 |   26490 |  50.0 |      37 |      36 |  49.3
   Vaults:4 |   51688 |   22255 |  30.1 |      69 |      24 |  25.8
   Vaults:5 |   25037 |  134564 |  84.3 |      30 |      98 |  76.6
   Depths:1 |   33416 |   18573 |  35.7 |      40 |      18 |  31.0
   Depths:2 |     777 |   62909 |  98.8 |       3 |     114 |  97.4
   Depths:3 |   31215 |   10771 |  25.7 |      37 |      18 |  32.7
   Depths:4 |   52601 |   59697 |  53.2 |      69 |      22 |  24.2
   Depths:5 |   23612 |   23803 |  50.2 |      21 |      17 |  44.7
      Zot:1 |   43857 |       0 |   0.0 |      29 |       0 |   0.0
      Zot:2 |   23174 |       0 |   0.0 |      13 |       0 |   0.0
      Zot:3 |   38929 |       0 |   0.0 |      22 |       0 |   0.0
      Zot:4 |   58854 |       0 |   0.0 |      31 |       0 |   0.0
      Zot:5 |   50842 |  172401 |  77.2 |      30 |      41 |  57.7
    Abyss:2 |   16029 |       0 |   0.0 |      24 |       0 |   0.0
    Ossuary |       0 |    1080 | 100.0 |       0 |      31 | 100.0
 Desolation |       0 |   44808 | 100.0 |       0 |      73 | 100.0
   Gauntlet |       0 |    4880 | 100.0 |       0 |      10 | 100.0
            +---------+---------+-------+---------+---------+-------
